 Dungeon Crawl Stone Soup version 0.28-a0-8-g6e044cf (webtiles) character file.

Game seed: 12009161072115599241

2613 MrTaco21 the Basher (level 9, -11/52 HPs)
             Began as a Gargoyle Fighter on July 23, 2021.
             Was an Initiate of Trog.
             Splashed by an acid dragon's acid (15 damage)
             ... on level 7 of the Dungeon.
             The game lasted 00:10:02 (9004 turns).

MrTaco21 the Basher (Gargoyle Fighter)              Turns: 9004, Time: 00:10:03

Health: -11/52     AC: 12    Str: 23    XL:     9   Next: 60%
Magic:  9/9        EV:  5    Int:  9    God:    Trog [......]
Gold:   399        SH:  9    Dex:  9    Spells: 8/8 levels left

rFire   . . .      SeeInvis +   v - +2 morningstar (vorpal)
rCold   . . .      Faith    .   c - +0 kite shield
rNeg    + . .      Spirit   .   a - +0 chain mail
rPois   ∞          Reflect  .   D - +1 hat
rElec   +          Harm     .   p - scarf {repulsion}
rCorr   .          Rampage  .   (no gloves)
Will    .....                   (no boots)
Stlth   ..........              y - amulet of the acrobat
HPRegen 0.17/turn               z - ring of see invisible
MPRegen 0.11/turn               C - ring of flight

@: corroded, flying, repel missiles
A: sickness immunity, AC +6, negative energy resistance 1, electricity
resistance, torment resistance 1, petrification resistance
a: Renounce Religion


You were on level 7 of the Dungeon.
You worshipped Trog.
Trog was noncommittal.
You visited 2 branches of the dungeon, and saw 8 of its levels.

You collected 399 gold pieces.

Inventory:

Hand Weapons
 v - a +2 vorpal morningstar (weapon)
   (You took it off an orc on level 5 of the Dungeon)
Missiles
 n - 14 poisoned darts (quivered)
 r - 2 throwing nets {!f}
Armour
 a - a +0 chain mail (worn)
   (You took it off a hobgoblin on level 3 of the Dungeon)
 c - a +0 kite shield (worn)
 p - a scarf of repulsion (worn)
   (You found it on level 4 of the Dungeon)
 D - a +1 hat (worn)
   (You found it on level 7 of the Dungeon)
Jewellery
 y - an amulet of the acrobat (around neck)
   (You found it on level 6 of the Dungeon)
 z - a ring of see invisible (left hand)
   (You found it on level 5 of the Dungeon)
 C - a ring of flight (right hand)
   (You found it on level 7 of the Dungeon)
Wands
 t - a wand of flame (6)
   (You found it on level 5 of the Dungeon)
 B - a wand of charming (8)
   (You found it on level 7 of the Dungeon)
Scrolls
 b - a scroll of identify {unknown}
 e - a scroll of fear {unknown}
 h - a scroll of blinking {unknown}
 i - a scroll of enchant weapon {unknown}
 l - 2 scrolls of amnesia {unknown}
 m - a scroll of summoning {unknown}
 q - a scroll of silence {unknown}
 s - a scroll of torment {unknown}
 u - a scroll of magic mapping {unknown}
 x - a scroll of teleportation {unknown}
 A - a scroll of noise {unknown}
Potions
 d - a potion of might
 f - a potion of curing {@q1}
 g - 2 potions of lignification {unknown}
 j - 2 potions of heal wounds {unknown}
 k - a potion of mutation {unknown}
 w - a potion of attraction {unknown}


   Skills:
 + Level 4.3 Fighting
 + Level 12.3 Maces & Flails
 - Level 3.2 Armour
 - Level 3.2 Shields


You had 8 spell levels left.
You didn't know any spells.
Your spell library contained the following spells:

 Spells                   Type           Power      Damage    Failure   Level
 Animate Skeleton         Necr           0%         N/A       100%        1
 Apportation              Tloc           0%         N/A       100%        1
 Corona                   Hex            0%         N/A       100%        1
 Magic Dart               Conj           0%         1d3       100%        1
 Summon Small Mammal      Summ           0%         N/A       100%        1
 Call Imp                 Summ           0%         N/A       100%        2
 Corpse Rot               Necr/Air       N/A        N/A       100%        2
 Passwall                 Tmut/Erth      0%         N/A       100%        2
 Poisonous Vapours        Pois/Air       0%         N/A       100%        2
 Mephitic Cloud           Conj/Pois/Air  0%         N/A       100%        3
 Swiftness                Air            0%         N/A       100%        3
 Dispel Undead            Necr           0%         3d6       100%        4
 Petrify                  Tmut/Erth      0%         N/A       100%        4
 Freezing Cloud           Conj/Ice/Air   0%         6-21      100%        5
 Metabolic Englaciation   Hex/Ice        0%         N/A       100%        5
 Death Channel            Necr           0%         N/A       100%        6
 Invisibility             Hex            0%         N/A       100%        6
 Statue Form              Tmut/Erth      Unusable   N/A       N/A         6

Dungeon Overview and Level Annotations

Branches:
Dungeon (7/15)             Temple (1/1) D:6

Altars:
Ashenzari
Dithmenos
Elyvilon
Fedhas
Gozag
Hepliaklqana
Makhleb
Okawaru
Qazlal
Ru
Trog
Uskayaw
Vehumet
Yredelemnul
Zin
The Shining One

Shops:
D:1 *   D:7 (


Innate Abilities, Weirdness & Mutations

You are immune to sickness and miasma.
Your stone body is resilient. (AC +6)
You are immune to poison.
You resist negative energy. (rN+)
You are resistant to electric shocks. (rElec)
You are resistant to unholy torment.
You are immune to petrification.


Message History

An acid dragon is nearby!
Throw: 15 darts (poison)
Aim: an acid dragon (54% to hit)
You throw a poisoned dart.
The poisoned dart closely misses the acid dragon.
There is a stone staircase leading up here.
The acid dragon closely misses you. You block the acid dragon's attack.
You hit the acid dragon but do no damage.
The acid dragon bites you! You block the acid dragon's attack.
You barely miss the acid dragon. The acid dragon spits acid at you.
The splash of acid is repelled.
You closely miss the acid dragon. You block the acid dragon's attack.
The acid dragon barely misses you.
You hit the acid dragon but do no damage.
The acid dragon bites you!
The acid dragon claws you but does no damage.
Unknown command.
You hit the acid dragon. You block the acid dragon's attack.
The acid dragon claws you but does no damage.
You barely miss the acid dragon. The acid dragon bites you!
* * * LOW HITPOINT WARNING * * *
The acid dragon claws you.
* * * LOW HITPOINT WARNING * * *
You hit the acid dragon.
The acid dragon bites you but does no damage.
You block the acid dragon's attack.
Unknown command.
The acid dragon completely misses you. The acid dragon claws you.
* * * LOW HITPOINT WARNING * * *
There is a stone staircase leading up here.
You barely miss the acid dragon.
The acid dragon bites you but does no damage.
The acid dragon claws you but does no damage.
You barely miss the acid dragon. The acid dragon spits acid at you.
The splash of acid hits you.
* * * LOW HITPOINT WARNING * * *
The acid corrodes you!
You are splashed with acid!
* * * LOW HITPOINT WARNING * * *
Unknown command.
It was a potion of curing.
You feel better. You block the acid dragon's attack. The acid dragon claws you.
* * * LOW HITPOINT WARNING * * *
You feel better. The acid dragon spits acid at you.
The splash of acid hits you!
* * * LOW HITPOINT WARNING * * *
You are splashed with acid!
You die...

#######.......(....<# ..#
#.............### ..#
#..(......(....... ..#
##.....#..........# ###
#..>..#.....#+#..#
.#######.....#.....# ..#
..((...............###..#
..######....>#..D......##
..# #.....#.#@.#....# ..#
#......#.#......## O...
...######.#......#
######## #.#......# .♣
#.#......# ♣.. #........#
.. #.#......# #........#
#..#.....##


You could see an acid dragon (catching breath).

Vanquished Creatures
  A wyvern (D:6)
  4 yaks (D:5)
  A water moccasin (D:7)
  An orc warrior (D:7)
  2 sky beasts (D:7)
  An ice beast (D:7)
  An ogre (D:5)
  A necrophage (D:5)
  2 black bears
  Blork the orc (D:4)
  A bullfrog (D:6)
  A killer bee (D:5)
  A howler monkey (D:5)
  2 bullfrog zombies
  5 hounds
  3 jellies
  An orc priest (D:5)
  2 iguanas (D:5)
  A bullfrog skeleton (D:5)
  3 gnoll shamans
  A scorpion zombie (D:5)
  An orc wizard (D:6)
  12 gnolls
  6 adders
  A shadow imp (D:5)
  A white imp (D:6)
  2 ufetubi (D:5)
  2 adder skeletons (D:4)
  2 worms
  A dart slug (D:2)
  15 orcs
  7 ball pythons
  5 bats
  7 endoplasms
  3 giant cockroaches
  4 goblins
  5 hobgoblins
  5 jackals
  8 kobolds
  3 quokkas
  2 frilled lizards (D:3)
  A jackal skeleton (D:4)
  5 rats
134 creatures vanquished.

Vanquished Creatures (others)
  A plant (D:1)
1 creature vanquished.

Grand Total: 135 creatures vanquished

Notes
Turn   | Place    | Note
-------+----------+-------------------------------------------
     0 | D:1      | MrTaco21 the Gargoyle Fighter began the quest for the Orb.
     0 | D:1      | Reached XP level 1. HP: 14/14 MP: 1/1
   213 | D:1      | Found Duaxodd's Assorted Antiques.
   227 | D:1      | Reached XP level 2. HP: 11/19 MP: 2/2
   436 | D:1      | Reached skill level 3 in Maces & Flails
   706 | D:1      | Found a faded altar of an unknown god.
   921 | D:1      | Reached XP level 3. HP: 23/23 MP: 3/3
  2232 | D:2      | Reached skill level 4 in Maces & Flails
  2510 | D:3      | Reached XP level 4. HP: 25/28 MP: 4/4
  3061 | D:3      | Reached skill level 5 in Maces & Flails
  3061 | D:3      | Reached XP level 5. HP: 17/32 MP: 5/5
  3357 | D:3      | Found a white marble altar of Elyvilon.
  3992 | D:4      | Noticed Blork the orc
  4005 | D:4      | Killed Blork the orc
  4006 | D:4      | Reached skill level 6 in Maces & Flails
  4006 | D:4      | Reached XP level 6. HP: 18/37 MP: 6/6
  4864 | D:5      | Entered Level 5 of the Dungeon
  4884 | D:5      | Found a hide-covered altar of Uskayaw.
  4925 | D:5      | Reached skill level 7 in Maces & Flails
  5180 | D:5      | Found a burning altar of Makhleb.
  5190 | D:5      | Reached XP level 7. HP: 41/41 MP: 7/7
  5246 | D:5      | Reached skill level 8 in Maces & Flails
  5520 | D:5      | Reached skill level 9 in Maces & Flails
  5520 | D:5      | Reached XP level 8. HP: 26/46 MP: 8/8
  5963 | D:5      | Noticed a yak
  5963 | D:5      | Noticed a yak
  5964 | D:5      | Noticed a yak
  5966 | D:5      | Noticed a yak
  5967 | D:5      | Killed a yak
  5977 | D:5      | Killed a yak
  5978 | D:5      | Reached skill level 10 in Maces & Flails
  5980 | D:5      | Killed a yak
  5983 | D:5      | Killed a yak
  5984 | D:5      | Reached skill level 11 in Maces & Flails
  7024 | D:6      | Found a glowing silver altar of Zin.
  7026 | D:6      | Found a broken altar of Ashenzari.
  7114 | D:6      | Reached XP level 9. HP: 51/51 MP: 9/9
  7393 | D:6      | Found a staircase to the Ecumenical Temple.
  7457 | Temple   | Entered the Ecumenical Temple
  7519 | Temple   | Became a worshipper of Trog the Wrathful
  8092 | D:7      | Found Ofebowk's Antique Weapon Emporium.
  8292 | D:7      | Found an opulent altar of Gozag.
  8307 | D:7      | Reached skill level 12 in Maces & Flails
  9004 | D:7      | Splashed by an acid dragon's acid

Illustrated notes

Levels and vault maps discovered:
D:1:      tarquinn_simple_flora_water_f, layout_basic, serial_shops,
          nicolae_shop_overgrown_old_shop,
          shapermc_ecumenical_altar_mp_urbaneastern
D:2:      layout_basic, hex_large, minmay_quadrilaterals
D:3:      layout_loops_ring, mainiacjoe_overflow_boulevard, grunt_ministairs_6,
          grunt_decor_cap
D:4:      layout_loops_ring, uniq_blork_the_orc
D:5:      minmay_general_purpose_star, layout_basic, kennysheep_little_box,
          eat_drink_and_be_merry_uskayaw, hangedman_decor_opposing,
          hangedman_abyss_or_decor_stagger, minmay_bent
D:6:      layout_basic, mainiacjoe_overflow_catwalk_spiral,
          minmay_temple_entry_statues_fountains, kennysheep_generic_room_8
D:7:      nzn_winding_woodlands_three_and_one
          [nzn_winding_woodlands_5x15_zeroes,
          nzn_winding_woodlands_5x15_pathside_ponds,
          nzn_winding_woodlands_5x15_pockets,
          nzn_winding_woodlands_center_garden], layout_rooms,
          mainiacjoe_overflow_surrounded_room, kennysheep_mini_moat,
          serial_shops, nicolae_shop_overgrown_old_shop
Temple:   cyrus_temple_forest

Skill      XL: |  1  2  3  4  5  6  7  8  9 |
---------------+----------------------------+-----
Maces & Flails | 3 4 5 6 7 9 11 12 | 12.3
Fighting       | 4 |  4.3
Armour         | |  3.2
Shields        | |  3.2

Action                   |  1- 3 |  4- 6 |  7- 9 || total
-------------------------+-------+-------+-------++-------
Melee: Flail             |   135 |   161 |    81 ||   377
       Morningstar       |       |       |   140 ||   140
Throw: Dart              |       |    12 |     9 ||    21
  Use: Potion            |       |       |     2 ||     2
Armor: Scale mail        |    84 |    68 |       ||   152
       Chain mail        |       |    41 |   132 ||   173
Dodge: Dodged            |    51 |    47 |    63 ||   161
       Repelled          |       |       |     2 ||     2
Block: Kite shield       |    87 |   102 |   107 ||   296

Table legend: (Time is in decaauts)
 A = Elapsed time spent in this place.
 B = Non-inter-level travel time spent in this place.
 C = Inter-level travel time spent in this place.
 D = Time resting spent in this place.
 E = Time spent auto-exploring this place.
 F = Levels seen in this place.
 G = Mean time per level.
                   A        B        C        D        E       F      G
               +--------+--------+--------+--------+--------+-----+--------+
         Total |   9180 |   8729 |    451 |   2652 |   4706 |   8 | 1147.5 |
       Dungeon |   9093 |   8665 |    428 |   2652 |   4652 |   7 | 1299.0 |
        Temple |     86 |     63 |     23 |      0 |     54 |   1 |   86.0 |
               +--------+--------+--------+--------+--------+-----+--------+

Top non-repeatable levels by time:
     D:5: 1917 daAuts
     D:2: 1612 daAuts
     D:6: 1605 daAuts
     D:1: 1462 daAuts
     D:4: 1057 daAuts
     D:3: 968 daAuts
     D:7: 469 daAuts
  Temple: 86 daAuts
